Cogmind - Beta 17 @@@ ROGUE MODE // 2026.07.05 @ 23:08:47 Player: Robin Result: Destroyed by Y-45 Defender with Heavy Assault Rifle Performance ------------- Evolutions (1) 500 Regions Visited (2) 400 Robots Destroyed (19) 95 Value Destroyed (429) 429 Prototype IDs (0) 0 Alien Tech Used (0) 0 Bonus (0) 0 TOTAL SCORE: 1424 Bonus ------- None Cogmind --------- Core Integrity 0/400 Matter 300/300 Energy 100/100 System Corruption 0% Temperature Cool (9) Movement Core (50) Location -9/Materials Parts ------- > --- POWER (2) -------- (None) > --- PROPULSION (2) --- (None) > --- UTILITY (2) ------ (None) > --- WEAPON (3) ------- (None) > --- INVENTORY (5) ---- Aluminum Leg Medium Matter Pod (100) Targeting Computer Light Armor Plating Light Armor Plating Peak State ------------ > --- POWER ------------ Light Ion Engine Light Ion Engine > --- PROPULSION ------- Aluminum Leg Aluminum Leg > --- UTILITY ---------- Small Storage Unit Terrain Scan Processor > --- WEAPON ----------- EM Pulse Gun Medium Laser Grenade Launcher > --- INVENTORY -------- Aluminum Leg Aluminum Leg Medium Matter Pod Targeting Computer Light Armor Plating Light Armor Plating [Rating: 10] Favorites ----------- Power Light Ion Engine Engine Light Ion Engine Propulsion Light Treads Treads Light Treads Leg Aluminum Leg Utility Small Storage Unit Storage Small Storage Unit Processor Terrain Scan Processor Weapon EM Pulse Gun Energy Gun EM Pulse Gun Launcher Grenade Launcher Build | -11 -10 -9 ------- Run | Yrd Mat Mat Slots Evolved 2 | . . 2 Power 1 | . . 1 Propulsion . | . . . Utility . | . . . Weapon 1 | . . 1 Parts Attached 15 | 6 5 4 Power 2 | 1 . 1 Engine 2 | 1 . 1 Core . | . . . Reactor . | . . . Propulsion 8 | 2 3 3 Treads 4 | 2 . 2 Leg 4 | . 3 1 Wheel . | . . . Hover . | . . . Flight . | . . . Utility 2 | 1 1 . Device . | . . . Storage 1 | 1 . . Processor 1 | . 1 . Hackware . | . . . Protection . | . . . Artifact . | . . . Weapon 3 | 2 1 . Energy Gun 2 | 2 . . Energy Cannon . | . . . Ballistic Gun . | . . . Ballistic Cannon . | . . . Launcher 1 | . 1 . Special Weapon . | . . . Impact Weapon . | . . . Slashing Weapon . | . . . Piercing Weapon . | . . . Special Melee Weapon . | . . . Unidentified Prototypes . | . . . Parts Lost 10 | . . 10 Power 2 | . . 2 Propulsion 3 | . . 3 Utility 2 | . . 2 Weapon 3 | . . 3 Highest Loss Streak 5 | . . 5 To Critical Strikes . | . . . Average Backups 5 | 2 5 5 Power . | . 1 . Propulsion 2 | 1 2 1 Utility 1 | . 1 4 Weapon . | . . . Tool/Special . | . . . Unused Backups 3 | . . 3 Power . | . . . Propulsion . | . . . Utility 3 | . . 3 Weapon . | . . . Tool/Special . | . . . Average Slot Usage (%) 83 | . 93 59 Engine 12 | . 14 9 Treads 15 | . 19 6 Leg 9 | . 8 11 Storage 13 | . 14 11 Processor 9 | . 8 10 Energy Gun 20 | . 26 7 Launcher 2 | . 1 3 Peak Build Rating 10 | 6 8 10 Average Rating 6 | 4 7 7 On Entrance 4 | . 6 8 Avg Prop Armor Cover (%) . | . . . Naked Turns 3 | . . 3 Heaviest Build 18 | 12 13 18 Greatest Support 40 | 40 40 40 Greatest Overweight (x) 1 | . . 1 Average Overweight (x) . | . . . Largest Inventory Capacity 8 | 8 8 8 Average Capacity 7 | 6 8 7 Most Carried 8 | 5 8 7 Average Carried 5 | 2 5 5 Final Capacity 8 | 8 8 5 Final Carried 8 | 3 8 5 Class Distribution -------------------- 91% | Mutant 8% | Gunner Dominant Class ---------------- Mutant | -10/Materials Mutant | -9/Materials Resources | -11 -10 -9 ----------- Run | Yrd Mat Mat Matter Collected 422 | 238 148 36 Remotely . | . . . Salvage Created 413 | . 264 149 Parts 42 | . 27 15 Haulers Intercepted . | . . . Recyclers Shooed 1 | . 1 . Parts Field Recycled . | . . . Retrieved Matter . | . . . Parts Self-Destructed . | . . . Prevented . | . . . Parts Restored . | . . . Kills | -11 -10 -9 ------- Run | Yrd Mat Mat Combat Hostiles Destroyed 17 | . 9 8 Melee 1 | . . 1 Guns 11 | . 7 4 AOE 5 | . 2 3 Classes Destroyed 5 | . 4 1 Builder 1 | . 1 . Watcher 1 | . 1 . Swarmer 9 | . 5 4 Grunt 7 | . 4 3 Duelist 1 | . . 1 Best Kill Streak 7 | . 5 7 Combat Bots Only 7 | . 5 7 Max Kills in Single Turn 3 | . 2 3 Gunslinging 1 | . 1 . Exploded 2 | . 1 2 Melee 1 | . . 1 Uniques/NPCs Destroyed . | . . . Combat | -11 -10 -9 -------- Run | Yrd Mat Mat Hostile Shots Fired 169 | . 40 129 Missed 53 | . 14 39 Hits 116 | . 26 90 Melee 8 | . . 8 Projectile 108 | . 26 82 Critical Strikes 3 | . . 3 Damage Taken 1665 | . 209 1456 Core 442 | . 38 404 Absorbed by Shields . | . . . Core Remaining (%) 92 | 100 84 . Volleys Fired 32 | . 19 13 Largest 3 | . 2 3 Hottest 120 | . 90 120 Shots Fired 54 | . 32 22 Gun 50 | . 30 20 Cannon . | . . . Launcher 4 | . 2 2 Special . | . . . Kinetic . | . . . Thermal 26 | . 13 13 Explosive 4 | . 2 2 Electromagnetic 24 | . 17 7 Robot Hit Streak 8 | . 4 8 Robot Miss Streak 4 | . 4 2 Penetration Max . | . . . Secondary Targets 1 | . 1 . Max Gunslinging Chain 1 | . 1 . Shots Hit Robots 27 | . 16 11 Core Hits 39 | . 15 24 Critical Kills . | . . . Critical Parts Destroyed . | . . . Critical Strikes . | . . . Melee Attacks . | . . . Impact . | . . . Slashing . | . . . Piercing . | . . . Sneak Attacks . | . . . Combat Hostiles . | . . . Follow-up Attacks . | . . . Damage Inflicted 695 | . 390 305 Guns 365 | . 218 147 Cannons . | . . . Explosions 275 | . 171 104 Melee . | . . . Ramming 55 | . 1 54 Kinetic . | . . . Thermal 174 | . 111 63 Explosive 240 | . 136 104 Electromagnetic 226 | . 142 84 Impact . | . . . Slashing . | . . . Piercing . | . . . Highest Corruption . | . . . Average Corruption . | . . . Corruption Purged . | . . . Corruption Blocked . | . . . Overload Shots . | . . . Overflow Damage . | . . . Projectiles . | . . . Explosions . | . . . Melee . | . . . Knockbacks . | . . . Impact . | . . . Kinetic . | . . . Secondary . | . . . Self-Inflicted Damage 5 | . . 5 Shots . | . . . Rammed 43 | . 1 42 Targets Rammed 44 | . 1 43 Kicked . | . . . Crushed 1 | . . 1 Highest Temperature 234 | . 73 234 Average Temperature 77 | . 34 122 Received Heat Transfer 432 | . 27 405 Effects 3 | . . 3 Interference 3 | . . 3 Siege Activations . | . . . Martial Activations . | . . . Shielding Activations . | . . . Robots Disrupted . | . . . Combat Hostiles . | . . . Robots Corrupted . | . . . Combat Hostiles . | . . . Parts Fried . | . . . Impact Corruptions . | . . . Robots Melted . | . . . Combat Hostiles . | . . . Parts Melted . | . . . Heat Transferred 457 | . 272 185 Parts Sabotaged . | . . . Parts Stolen . | . . . Parts Stripped . | . . . Power Chain Reactions 1 | . 1 . Alert | -11 -10 -9 ------- Run | Yrd Mat Mat Maximum Alert Level . | . . . Low Security (%) 100 | 100 100 100 Level 1 . | . . . Level 2 . | . . . Level 3 . | . . . Level 4 . | . . . Level 5 . | . . . High Security . | . . . Max Security . | . . . Peak Influence 168 | . 156 168 Initial 3 | . . 3 Average 59 | . 69 67 Influence Increases 461 | . 253 208 Destroy 0b10 Robot/C 340 | . 180 160 Destroy 0b10 Robot/NC 10 | . 10 . Destroy Leader 62 | . 42 20 Successful Hack 2 | . 2 . Disable Machine 30 | . 15 15 Destroy Structure 17 | . 4 13 Influence Decreases 461 | . 244 217 Entered New Map 6 | . . 6 Time Decay 357 | . 244 113 Lost Part 98 | . . 98 Squads Dispatched 2 | . 2 . Investigation . | . . . Extermination . | . . . Reinforcement 2 | . 2 . Assault . | . . . Garrison . | . . . Intercept . | . . . Searches Triggered . | . . . Construction Impeded . | . . . Haulers Reinforced . | . . . Active Scanning Responses . | . . . Cargo Convoy Interrupts . | . . . Stealth | -11 -10 -9 --------- Run | Yrd Mat Mat Distress Signals 2 | . 1 1 Communications Jammed . | . . . Distress Signals . | . . . Times Spotted 23 | . 12 11 Peak Tracking Total 6 | . 6 6 Tactical Retreats . | . . . Traps | -11 -10 -9 ------- Run | Yrd Mat Mat Traps Triggered 1 | . 1 . Indirectly . | . . . Trap Hack Attempts . | . . . Triggered . | . . . Disarmed . | . . . Reprogrammed . | . . . Reused . | . . . Traps Extracted . | . . . Installed . | . . . Triggered . | . . . Machines | -11 -10 -9 ---------- Run | Yrd Mat Mat Machines Disabled 2 | . 1 1 Max in Single Turn 1 | . 1 1 Machines Repaired . | . . . Machines Dismantled . | . . . Machines Sabotaged . | . . . Overloaded Fab Kills . | . . . Hacking | -11 -10 -9 --------- Run | Yrd Mat Mat Machines Accessed 3 | . 2 1 Terminals 2 | . 1 1 Fabricators . | . . . Repair Stations . | . . . Recycling Units 1 | . 1 . Scanalyzers . | . . . Garrison Access . | . . . Total Hacks 9 | . 8 1 Successful 5 | . 5 . Failed 3 | . 2 1 Catastrophic 2 | . 1 1 Database Lockouts 1 | . 1 . Manual . | . . . Terminals 6 | . 5 1 Fabricators . | . . . Repair Stations . | . . . Recycling Units 3 | . 3 . Scanalyzers . | . . . Garrison Access . | . . . Terminal Hacks 3 | . 3 . Record 2 | . 2 . Reinforcement Status 1 | . 1 . Fabricator Hacks . | . . . Repair Station Hacks . | . . . Recycling Unit Hacks 2 | . 2 . Report Inventory 1 | . 1 . Retrieve Matter 1 | . 1 . Scanalyzer . | . . . Garrison Access Hacks . | . . . Unauthorized Hacks . | . . . Terminals . | . . . Fabricators . | . . . Repair Stations . | . . . Recycling Units . | . . . Scanalyzers . | . . . Garrison Access . | . . . Data Cores Recovered . | . . . Used . | . . . Hacking Detections 2 | . 1 1 Full Trace Events . | . . . Feedback Events . | . . . Feedback Blocked . | . . . Robot Schematics Acquired . | . . . Robots Built . | . . . Authchips . | . . . Time . | . . . Total Robot Build Rating . | . . . Part Schematics Acquired . | . . . Parts Built . | . . . Authchips . | . . . Time . | . . . Total Part Build Rating . | . . . Part Studies Acquired . | . . . Parts Repaired . | . . . Time . | . . . Parts Recycled . | . . . Recycled Matter . | . . . Retrieved Matter 136 | . 136 . Retrieved Components . | . . . Parts Scanalyzed . | . . . Part Schematics Acquired . | . . . Parts Damaged . | . . . Bothacking | -11 -10 -9 ------------ Run | Yrd Mat Mat Used RIF Installer . | . . . Robots Hacked . | . . . Non-combat . | . . . Combat . | . . . Robot Hacks Applied . | . . . Relay Couplers Released . | . . . Fabnet Peak Effective % . | . . . Robots Rewired . | . . . Allies Hacked . | . . . Hacks Repelled . | . . . Allies | -11 -10 -9 -------- Run | Yrd Mat Mat Total Allies . | . . . Largest Group . | . . . Highest-Rated Group . | . . . Highest-Rated Ally . | . . . Total Orders . | . . . Ally Attacks . | . . . Total Damage . | . . . Kills . | . . . Allies Corrupted . | . . . Allies Melted . | . . . Intel | -11 -10 -9 ------- Run | Yrd Mat Mat Active Infowar (turns) . | . . . Robot Analysis Total . | . . . Derelict Logs Recovered . | . . . Drone Launches . | . . . Drone Recoveries . | . . . Exploration | -11 -10 -9 ------------- Run | Yrd Mat Mat Turns Passed 1096 | 158 657 281 Spaces Moved 617 | 100 401 116 Core 45 | 21 . 24 Treads 329 | 79 239 11 Legs 243 | . 162 81 Wheels . | . . . Hover . | . . . Flight . | . . . Fastest Speed 50 | 50 120 100 Average Speed 138 | 136 143 121 Slowest Speed 190 | 160 160 190 Overloaded Moves . | . . . Propulsion Burnouts . | . . . Robots Hopped . | . . . Potential Cave-ins . | . . . Cave-ins Triggered . | . . . Exploration Rate (%) 22 | 4 51 12 Regions Visited 2 Branch Regions . Pre-discovered Areas . | . . . Known Exits Taken . | . . . Unknown Exits Taken 2 | 1 1 . Scrap Searched . | . . . Spaces Dug . | . . . Terrain Destroyed 18 | . 7 11 Melee . | . . . Projectile . | . . . AOE 18 | . 7 11 Terrain Rammed . | . . . Walls Destroyed . | . . . Machines Disabled . | . . . Actions | -11 -10 -9 --------- Run | Yrd Mat Mat Total 778 | 121 448 209 Wait 40 | 7 5 28 Move 615 | 99 400 116 Hop . | . . . Pick Up 21 | 9 10 2 Fast Attach . | . . . Attach 16 | 6 5 5 Detach 2 | . 2 . Swap 4 | . 4 . Drop 4 | . 2 2 Fire 32 | . 19 13 Melee . | . . . Ram 5 | . . 5 Kick . | . . . Crush 39 | . 1 38 Escape Stasis . | . . . Rewire . | . . . Trap . | . . . Miscellaneous . | . . . Route ------- -11/Scrapyard -10/Materials (discovered 2 exits: *Mat / [*Min]) -9/Materials (discovered 1 exit: [*Sto]) History --------- Turn | Location | Event 12 | -11/Scrapyard | Discovered new exit (range 15) 159 | -11/Scrapyard | Entered Materials 320 | -10/Materials | Build established: Mutant 389 | -10/Materials | Discovered new exit (range 16) 481 | -10/Materials | Central database locked down 770 | -10/Materials | Discovered new exit (range 16) 816 | -10/Materials | Entered another Materials area 816 | -9/Materials | Evolved 2 slots: Power x1, Weapon x1 904 | -9/Materials | Destroyed 7 combat bots 939 | -9/Materials | Lost 5 parts (1p1n3w) 941 | -9/Materials | Discovered new exit (range 6) 1052 | -9/Materials | Core integrity fell below 50% 1086 | -9/Materials | Core integrity fell below 20% 1097 | -9/Materials | Destroyed by Y-45 Defender with Heavy Assault Rifle Last Messages --------------- Slammed into W-16 Scout. Arm. Treads destroyed. Slammed into Y-45 Defender. K-01 Serf collects debris. Hold RMB on a map location to designate it as a relative view centerpoint. This is especially useful while zoomed, in order to see further in your current direction of exploration. Try it now. Terrain Scan Processor destroyed. K-01 Serf collects debris. U-05 Engineer builds a Door. K-01 Serf collects debris. Critical hit (Burn: +37). Slammed into Y-45 Defender. Sml. Storage Unit destroyed. Slammed into Y-45 Defender. Destabilizing: Core damaged (-20). Slammed into Y-45 Defender. Slammed into U-05 Engineer. Map ----- +----------------------------------------------------+ | ?????????????????????????????????????????????????? | | ?????????????????????????????????????????????????? | | ?????????????????????????????????????????????????? | | ?????????????????????????????????????????????????? | | ?????????????????????????????????????????????????? | | ?????????????????????????????????????????????????? | | ?????????????????????????????????????????????????? | | ?????????????????????????????????????????????????? | | ?????????????????????????????????????????????????? | | ?????????????????????????????????????????????????? | | ?????????????????????????????????????????????????? | | ?????????????????????????????????????????????????? | | ?????????????????????????????????????????????????? | | ?????????????????????????????????????????????????? | | ??????????? ?????????????????????????????????????? | | ??????????? ?????????????????#####??????????????? | | ?????????? ?????????????????# !!#??????????????? | | ?????????# #???#######??????# !!#??????????????? | | ?????????# #???# ########===#??????????????? | | ?????????# ##### =#??????????????? | | ?????????# < ]]#??????????????? | | ?????????# ##### % %%% ]]#??????????????? | | ?????????# #???# #%%#########??????????????? | | ?????????# #???#######%u#??????????????????????? | | ?????????# #?#???????#%%#??????????????????????? | | ????????## ### ??#%@#??????????????????????? | | ?####+### ## """""?#rY#??????????????????????? | | ?# " ## """""?#%%#??????????????????????? | | ?# "T ## """""?#%%#??????????????????????? | | ?# #? ??# #??????????????????????? | | ?####+### #?? ??# #??????????????????????? | | ???????####+#######+##?# #??????????????????????? | | ???????# # ### #??????????????????????? | | ???????# """ + " #??????????????????????? | | ???????# """ # +??????????????????????? | | ???????# """ # ######??????????????????????? | | ???????# ## ##?####??????????????????????? | | ???????# """ ## # ] #??????????????????????? | | ???????# """ ## + #??????????????????????? | | ???????# """ ## # #??????????????????????? | | ???????# ## #?? #??????????????????????? | | ???????########### #???? #??????????????????????? | | ?????????????????# #?????#??????????????????????? | | ?????????????????# ##### ## #???????????????????? | | ?????????????????# #???????????????????? | | ??# ^ ########### " #???????????????????? | | ??# !== [ #???????????????????? | | ??# [+%* #???????????????????? | | ???????###### ######%=!! #???????????????????? | | ????????????# ?????##=!!! #???????????????????? | +----------------------------------------------------+ Best States ------------- Heat Dissipation 28 Energy Generation 15 Energy Capacity 150 Matter Stores 300 Matter Capacity 300 Sight Range 16 Terrain Scan Density 85 Evasion (%) 55 Recoil Reduction 2 Item Schematics ----------------- None Robot Schematics ------------------ None Fabricated ------------ Nothing Repaired ---------- Nothing Studied --------- None Alien Tech Used ----------------- None Achievements -------------- DATA ERROR: Steam Global Achievement% For Emergencies Only Challenges ------------ None Game ------ Seed RefineryHypercooledScreen Manual? 0 Play Time 00:22:55 Cumulative 3.2 hours Start 2026.07.05 @ 22:40:25 End 2026.07.05 @ 23:08:47 Sessions 1 Manual Loads 0 Difficulty Rogue Special Mode None Game No. 5 Rogue 5 Adventurer 0 Explorer 0 Win Type - Total 0 Types 0/0/0/0/0/0/0/0/0/0 Lore% 2 Gallery% 8 Achievement% 6 Wizard Run 0 Options --------- Layout 1 ASCII 0 Keyboard 0 Movement Numpad Keybinds 0 Fullscreen 1 Font 24/Smallcaps Map View 25x17 Zoom Use 84% Tactical HUD 0 Map Filters NONE Filters NONE Steam 1 RUN: 68eb98fc-2e13-4fc1-83cf-bfa05a99d57e